 Dungeon Crawl Stone Soup version 0.14.0-20-g75a2fc2 (webtiles) character file.

153 DaftWullie the Cutter (level 4, 0/29 HPs)
             Began as a Kobold Berserker on Apr 19, 2014.
             Was a Believer of Trog.
             Slain by a gnoll
             ... wielding a +0,+0 flail
              (1 damage)
             ... on Level 2 of the Dungeon on Apr 20, 2014.
             The game lasted 00:11:22 (1606 turns).

DaftWullie the Cutter (Kobold Berserker)            Turns: 1606, Time: 00:11:22

HP   0/29        AC  7     Str 16      XL: 4   Next: 57%
MP   4/4         EV 12     Int  5      God: Trog [**....]
Gold 77          SH  0     Dex 15      Spells:  0 memorised,  3 levels left

rFire  + . .     SeeInvis .     a - +0 short sword
rCold  . . .     Clarity  +     d - +2 ring mail {rF+}
rNeg   . . .     Conserve .     (no shield)
rPois  .         rCorr    .     (no helmet)
rElec  .         rRot     .     (no cloak)
SustAb . .       Spirit   .     (no gloves)
rMut   .         Warding  .     (no boots)
Saprov + + .     Stasis   .     (no amulet)
MR     .....                    (no ring)
                                (no ring)

@: exhausted, slowed, very slow, not resistant to hostile enchantments, very
unstealthy
A: disease resistance, carnivore 3, clarity, saprovore 2, spit poison 1
a: Spit Poison, Burn Spellbooks, Berserk, Trog's Hand, Renounce Religion


You were on level 2 of the Dungeon.
You worshipped Trog.
Trog was pleased with you.
You were very full.

You visited 1 branch of the dungeon, and saw 3 of its levels.

You collected 77 gold pieces.

Inventory:

Hand weapons
 a - a +0,+0 short sword (weapon)
Armour
 b - a +0 animal skin
 d - a +2 ring mail of fire resistance (worn)
 h - a +0 leather armour
Comestibles
 c - 2 meat rations
Scrolls
 e - 4 scrolls of identify
 j - a scroll of blinking {unknown}
Potions
 i - a potion of degeneration {unknown}
 l - a potion of poison {unknown}


   Skills:
 + Level 3.9 Fighting
 * Level 5.8 Short Blades
 - Level 1.5 Armour
 + Level 2.8 Dodging
 + Level 0.4 Stealth


You had 3 spell levels left.
You didn't know any spells.

Dungeon Overview and Level Annotations

Branches:
Dungeon (3/15)

Altars:


Innate Abilities, Weirdness & Mutations

You recuperate from illness quickly.
You are small and have problems with some larger weapons.
You are carnivorous and can eat meat at any time.
You can eat rotten meat.
You possess an exceptional clarity of mind.
You can spit poison.


Message History

The gnoll closely misses you. The gnoll barely misses you.
The gnoll closely misses you.
There is a stone staircase leading up here.
The hobgoblin barely misses you. The gnoll closely misses you.
The gnoll hits you with a flail!
* * * LOW HITPOINT WARNING * * *
The gnoll hits you but does no damage.
The hobgoblin hits you but does no damage.
The gnoll hits you but does no damage.
You climb upwards.
There is a stone staircase leading down here.
Drink which item? (? for menu, Esc to quit)
You feel extremely strange.
Your thoughts seem clearer.
There is a nasty taste in your mouth for a moment.
It was a potion of mutation.
The gnoll misses you. The hobgoblin misses you.
Drink which item? (? for menu, Esc to quit)
You feel momentarily confused.
It was a potion of confusion.
The gnoll hits you with a flail.
You die...

####.## #.###.# ##.#
#.. #.# #.# #.# #.<#
##. #.# #.# #.###
#[## #. #.# ..#
#...# #.# #. #.# ###
###.########.######.
#.#
#.##...........##.
#..
#.##.#####.###....
#g##.# #.# #(###
#@##.# #.# #.#
#g........># #.#
..##.####### #.#
##.##.# #.# ..##.#
##.##
#.##.########...##
..##<.............
#.######.####...#.
#........#####.###


You could see a gnoll and a hobgoblin.

Vanquished Creatures
  2 adders (D:2)
  A gnoll (D:3)
  A worm (D:2)
  A giant gecko (D:1)
  2 orcs (D:2)
  A giant cockroach (D:2)
  7 goblins
  6 hobgoblins
  2 jackals (D:1)
  6 bats
  5 giant newts (D:1)
  4 kobolds (D:1)
  4 rats
42 creatures vanquished.

Notes
Turn   | Place    | Note
--------------------------------------------------------------
     0 | D:1      | DaftWullie, the Kobold Berserker, began the quest for the Orb.
     0 | D:1      | Reached XP level 1. HP: 14/14 MP: 1/1
    25 | D:1      | Upgraded the game from 0.14.0-17-gc0b17a5 to 0.14.0-20-g75a2fc2
   201 | D:1      | Reached XP level 2. HP: 19/19 MP: 2/2
   534 | D:1      | Acquired Trog's second power
   635 | D:1      | Reached XP level 3. HP: 21/24 MP: 3/3
  1211 | D:2      | Reached skill level 5 in Short Blades
  1401 | D:2      | Reached XP level 4. HP: 27/29 MP: 4/4
  1603 | D:3      | HP: 1/29 [gnoll/flail (7)]
  1605 | D:2      | Gained mutation: You possess an exceptional clarity of mind. [potion of mutation]
  1605 | D:2      | Gained mutation: You can spit poison. [potion of mutation]
  1606 | D:2      | Slain by a gnoll

Action                   |  1- 3 |  4- 6 || total
-------------------------+-------+-------++-------
Melee: Short sword       |   106 |    37 ||   143
Invok: Berserk           |     1 |     2 ||     3
  Use: Scroll            |     2 |       ||     2
       Potion            |       |     2 ||     2
